 Dungeon Crawl Stone Soup version 0.24-a0-736-g4e6fe308c7 (webtiles) character file.

Game seed: 3642508247464858995, levelgen mode: deterministic

185 Kohma the Conjurer (level 5, 0/42 HPs)
             Began as a Draconian Conjurer on Oct 2, 2019.
             Was an Initiate of Dithmenos.
             Slain by a worker ant (2 damage)
             ... on level 4 of the Dungeon.
             The game lasted 00:10:05 (3433 turns).

Kohma the Conjurer (Draconian Conjurer)             Turns: 3433, Time: 00:10:06

Health: 0/42       AC:  8    Str: 10    XL:     5   Next: 37%
Magic:  3/9        EV: 12    Int: 20    God:    Dithmenos [......]
Gold:   196        SH:  0    Dex: 12    Spells: 7/10 levels left

rFire    + . .     SeeInvis .   w - +3 hunting sling (freeze)
rCold    . . .     Gourm    .   (no shield)
rNeg     . . .     Faith    .   (armour unavailable)
rPois    .         Spirit   .   (helmet restricted)
rElec    .         Reflect  .   (no cloak)
rCorr    .         Harm     .   a - +0 pair of gloves
MR       .....                  q - +1 pair of boots
Stlth    ++........             (no amulet)
HPRegen  0.14/turn              h - +4 ring of intelligence
MPRegen  0.11/turn              A - ring of protection from fire

@: lethally poisoned (0 -> -1), hasted, very quick
A: unfitting armour, cold-blooded, AC +5
a: Renounce Religion


You were on level 4 of the Dungeon.
You worshipped Dithmenos.
Dithmenos was noncommittal.
You were very hungry.

You visited 2 branches of the dungeon, and saw 5 of its levels.

You collected 196 gold pieces.

Inventory:

Hand Weapons
 d - a +1 vampiric short sword
 f - a +0 short sword
 l - a +0 hunting sling
 w - a +3 hunting sling of freezing (weapon)
Missiles
 g - 129 stones (quivered)
 o - 41 arrows
 x - 50 bolts
Armour
 a - a +0 pair of gloves (worn)
 q - a +1 pair of boots (worn)
Jewellery
 h - a +4 ring of intelligence (left hand)
 r - an uncursed ring of stealth
 A - a ring of protection from fire (right hand)
 B - an uncursed ring of see invisible
Wands
 e - a wand of random effects (30)
Scrolls
 c - 2 scrolls of identify
 i - 3 scrolls of enchant weapon
 j - a scroll of magic mapping
 m - 4 scrolls of teleportation
 n - 2 scrolls of remove curse {unknown}
 p - a scroll of fear {unknown}
 s - a scroll of noise {unknown}
 t - a scroll of random uselessness {unknown}
 y - a scroll of immolation {unknown}
Potions
 v - a potion of cancellation
Comestibles
 b - 6 rations


   Skills:
 + Level 2.6 Fighting
 - Level 1.7 Dodging
 - Level 1.7 Stealth
 + Level 3.0 Spellcasting
 * Level 5.5 Conjurations


You had 7 spell levels left.
You knew the following spells:

 Your Spells              Type           Power        Failure   Level  Hunger
a - Magic Dart            Conj           ####         1%          1    None
b - Searing Ray           Conj           ####..       2%          2    ##.....

Your spell library contained the following spells:

 Spells                   Type           Power        Failure   Level  Hunger
 Dazzling Spray           Conj/Hex       ##....       14%         3    ###....
 Iskenderun's Mystic Bla  Conj           ####....     14%         4    ####...
 Force Lance              Conj/Tloc      ##......     41%         4    ####...
 Fulminant Prism          Conj/Hex       ##........   41%         4    ####...


Dungeon Overview and Level Annotations

Branches:
Dungeon (4/15)             Temple (1/1) D:4

Altars:
Cheibriados
Dithmenos
Elyvilon
Fedhas
Gozag
Hepliaklqana
Makhleb
Nemelex Xobeh
Okawaru
Qazlal
Ru
Sif Muna
Trog
Uskayaw
Vehumet
Wu Jian
Xom
Zin
The Shining One


Innate Abilities, Weirdness & Mutations

Your plain brown scales are hard. (AC +5)
You cannot fit into any form of body armour.
You are cold-blooded and may be slowed by cold attacks.


Message History

You are too injured to fight recklessly!
The worker ant closely misses you.
You hear some strange, mumbled words.
A puff of flame appears from out of thin air!
The puff of flame misses you.
The worker ant bites you but does no damage.
The worker ant bites you.
You are poisoned.
The worker ant poisons you!
You feel sick.
You feel sick.
You feel sick. The worker ant bites you.
* * * LOW HITPOINT WARNING * * *
A magic dart appears from out of thin air!
The magic dart hits you.
* * * LOW HITPOINT WARNING * * *
You feel yourself speed up.
* * * LOW HITPOINT WARNING * * *
You feel sick. The worker ant bites you.
You die...

,***,,,.............#### #.
,##.................# ##
*#..................# #
##..................## #
.....................#* #
......................** ##
...................#,,,** ##!
...................#*,,,*######..
...............a@..#*#...........
..................####...........
..................##.......###...
..................##.##.##.###...
...............#.....#...#..##..#
.........#######............#..##
.......### ##......_......##
.....### #.#...........# ....##
##....#...#...##


You could see a worker ant.

Vanquished Creatures
  A hound (D:4)
  7 adders
  An ooze (D:3)
  A worm (D:2)
  2 dart slugs (D:1)
  A leopard gecko (D:2)
  8 orcs
  2 giant cockroaches
  9 goblins
  9 hobgoblins
  5 jackals
  A quokka (D:3)
  2 ball pythons
  6 bats
  5 frilled lizards
  8 kobolds
  6 rats
74 creatures vanquished.

Vanquished Creatures (others)
  4 toadstools (D:1)
4 creatures vanquished.

Grand Total: 78 creatures vanquished

Notes
Turn   | Place    | Note
-------+----------+-------------------------------------------
     0 | D:1      | Kohma the Draconian Conjurer began the quest for the Orb.
     0 | D:1      | Reached XP level 1. HP: 14/14 MP: 3/3
   242 | D:1      | Reached XP level 2. HP: 22/22 MP: 0/5
   249 | D:1      | Learned a level 2 spell: Searing Ray
   474 | D:1      | Reached skill level 1 in Fighting
   893 | D:1      | Reached XP level 3. HP: 28/28 MP: 4/6
  1414 | D:2      | Found a blossoming altar of Fedhas.
  1895 | D:2      | Found a bloodstained altar of Trog.
  1948 | D:3      | Reached XP level 4. HP: 36/36 MP: 5/7
  2049 | D:2      | Reached skill level 5 in Conjurations
  2399 | D:3      | Found a faded altar of an unknown god.
  2604 | D:3      | Reached XP level 5. HP: 42/42 MP: 5/9
  3084 | D:4      | Found an iron altar of Okawaru.
  3117 | D:4      | Found a sacrificial altar of Ru.
  3124 | D:4      | Found a staircase to the Ecumenical Temple.
  3142 | Temple   | Entered the Ecumenical Temple
  3348 | Temple   | Became a worshipper of Dithmenos the Shadowed
  3433 | D:4      | HP: 2/42 [poisoned by a worker ant]
  3433 | D:4      | Slain by a worker ant

Levels and vault maps discovered:
D:1:      ldierk_water_garden, layout_loops_ring, minmay_vboxes
D:2:      layout_rooms, fedhas_ov_isle_minmay, trog_three_pillars_becter
D:3:      layout_rooms, chequers_ecumenical_altar_simple_redux,
          kennysheep_generic_room_7
D:4:      layout_layer_cave, okawaru_gym_becter, nicolae_ru_awakened_eye,
          temple_fountains, first_ration, uniq_natasha
Temple:   regret_index_temple_generic_petals

Skill      XL: |  1  2  3  4  5 |
---------------+----------------+-----
Fighting       | 1 2 |  2.6
Conjurations   | 5 |  5.5
Spellcasting   | 3 |  3.0
Dodging        | |  1.7
Stealth        | |  1.7

Action                   |  1- 3 |  4- 6 || total
-------------------------+-------+-------++-------
Melee: Unarmed           |     7 |       ||     7
       Club              |     6 |       ||     6
       Short sword       |    23 |    13 ||    36
       Tailslap          |     2 |     1 ||     3
 Fire: Hunting sling     |       |    17 ||    17
 Cast: Magic Dart        |    83 |    35 ||   118
       Searing Ray       |       |     6 ||     6
  Use: Scroll            |       |     7 ||     7
       Potion            |       |     1 ||     1
  Eat: Chunk             |     3 |     5 ||     8
Armor: Skin              |     9 |    21 ||    30
Dodge: Dodged            |    31 |    31 ||    62

Table legend:
 A = Non-vault XP
 B = Vault XP
 C = Vault XP percentage of total XP
 D = Non-vault monster count
 E = Vault monster count
 F = Vault count percentage of total count
                 A         B        C        D         E       F
            +---------+---------+-------+---------+---------+-------
      Total |     234 |      31 |  11.7 |      65 |       9 |  12.2
            +---------+---------+-------+---------+---------+-------
        D:1 |      31 |      13 |  29.5 |      21 |       6 |  22.2
        D:2 |      67 |       2 |   2.9 |      17 |       1 |   5.6
        D:3 |      73 |      16 |  18.0 |      22 |       2 |   8.3
        D:4 |      63 |       0 |   0.0 |       5 |       0 |   0.0
            +---------+---------+-------+---------+---------+-------
